Workbook

Sheet ESTUDIO DE MERCADO
A1: ESTUDIO DE COSTOS | F1: PROVEEDORES | L1: PROMEDIO
F2: JARDÍN BOTÁNICO | I2: PRECOODES
A3: N° | B3: ITEM DE PAGO | C3: DESCRIPCIÓN | D3: UNIDAD | E3: CANTIDAD | F3: VALOR UNITARIO | G3: VALOR UNITARIO IVA | H3: VALOR TOTAL | I3: VALOR UNITARIO | J3: VALOR UNITARIO IVA | K3: VALOR TOTAL
B4: 1.0.0 | C4: ARBORIZACION, COBERTURAS Y PAISAJISMO
B5: 1.1.0 | C5: TRASPLANTES
A6: 2 | B6: 12.1.1 | C6: TRASPLANTE de ÁRBOLES bajo cualquier condición, Con un peso menor o igual a 1 tonelada con transporte fuera del radio de accion de la grua; Incluye piloneo, alzada, traslado y reubicación. Se realizará en aquellos árboles que dada su ubicación interfieren con el proyecto, y que este aprobado por la respectiva autoridad ambiental. | D6: un | E6: 5 | F6: 3484521 | G6: =F6+(F6*19%) -> 4146580 | H6: =G6*E6 -> 20732900 | I6: 252000 | J6: 299880 | K6: 756000 | L6: 5604781.5
B7: 1.2.0 | C7: PODAS
A8: 3 | B8: 1.2.1 | C8: PODAS, cargue y retiro de ÁRBOLES ADULTOS bajo cualquier condición. Incluye trozado, chipiado, transporte y disposición del material resultante al sitio que indiquen las autoridades competentes y la interventoría. La poda se realizará con motosierra. Se realizará en aquellos árboles que dada su condiciones fitosanitarias requieren de una poda de aclareo o realce. | D8: un | E8: 20 | F8: 812253 | G8: =F8+(F8*19%) -> 966581.07 | H8: =G8*E8 -> 19331621 | I8: 11700 | J8: 13923 | K8: 351000 | L8: 12359295
A9: 4 | B9: 1.2.2 | C9: PODAS, cargue y retiro de ÁRBOLES JUVENILES bajo cualquier condición, CON ALTURA ENTRE 2.0 y 6.0 m. Incluye trozado, chipiado, transporte y disposición del material resultante al sitio que indiquen las autoridades competentes y la interventoría. La poda se realizará con sierra manual para ramas con diámetros menores a 5 cm. Se realizará en aquellos árboles que dada su condiciones fitosanitarias requieren de una poda de aclareo o realce. | D9: un | E9: 20 | F9: 45763 | G9: =F9+(F9*19%) -> 54457.97 | H9: =G9*E9 -> 1089159.4 | I9: 11700 | J9: 13923 | K9: 351000 | L9: 12359295
B10: 1.3.0 | C10: SILVICULTURA
A11: 5 | B11: 1.3.1 | C11: Suministro, transporte y siembra de ÁRBOLES de altura entre 1,5 m y 2 m, con hoyos de 60 cm de diámetro por 70 cm de profundidad. Incluye insumos como fertilizante, hidroretendor, tutores, disposición adecuada de escombros, mano de obra, excavación, tierra abonada, herramientas, transporte y todo lo necesario para su correcta siembra. Se deberá suministrar riego 2 veces por semana durante el primer mes, en radio de 1 m y infiltración de 50 cm. Garantia de prendimiento. En caso de mortalidad, se debe reponer el árbol sin que ello sea un costo adicional para el Municipio de Medellín. | D11: un | E11: 1000 | F11: 176453 | G11: =F11+(F11*19%) -> 209979.07 | H11: =G11*E11 -> 209979070 | I11: 90000 | J11: 107100 | K11: 18000000 | L11: 9000000
A12: 6 | B12: 1.3.3 | C12: Mantenimiento de árboles y palmas juveniles, incluye insumos, mano de obra, plateo, herramientas, fertilización, poda manual, aplicación de chipiado, disposición adecuada de residuos vegetales, riego con infiltración de 50 cm de profundidad y transporte. | D12: un | E12: 3000 | F12: 23059 | G12: =F12+(F12*19%) -> 27440.21 | H12: =G12*E12 -> 82320630 | I12: 11700 | J12: 13923 | K12: 351000 | L12: 12359295
A13: 12 | B13: 1.3.10 | C13: Control fitosanitario: Control de plagas y enfermedades; son todas las labores encaminadas a la eliminación de insectos, hongos, parásitos, entre otros, mediante la aplicación de productos fungicidas, herbicidas, plaguicidas, entre otros. Incluye todo lo necesario para la correcta realización de la actividad. La actividad incluye marcación del código ID correspondiente del árbol haciendo uso de pintura a base de aceite. | D13: un | E13: 50 | F13: 22869 | G13: =F13+(F13*19%) -> 27214.11 | H13: =G13*E13 -> 1360705.5 | I13: 60000 | J13: 71400 | K13: 3000000 | L13: 2071725
A14: 13 | B14: 1.3.11 | C14: Sistema de Árbol Urbano SAU: con el fin de lograr realizar seguimiento a todas las intervenciones que se les realice a los árboles de la ciudad, se debe ingresar toda la información de las actividades realizadas a las siembras por compensación de las obras correspondientes al proyecto de valorización del poblado. | D14: un | E14: 1000 | F14: 22972 | G14: =F14+(F14*19%) -> 27336.68 | H14: =G14*E14 -> 27336680 | I14: 4600 | J14: 5474 | K14: 4600000 | L14: 13786000
A15: 14 | B15: 1.3.12 | C15: Mantenimiento de areas verdes, esta actividad se debe realizar tres (3) veces al año o cada cuatro (4) meses consistente en corte de la grama en los predios públicos administrados por la entidad, incluye cargue transporte y disposición del material resultante al sitio. que indiquen las autoridades competentes. | D15: m2 | E15: 602 | F15: 563 | G15: =F15+(F15*19%) -> 669.97 | H15: =G15*E15 -> 403321.94 | I15: 160 | J15: 190.4 | K15: 30464 | L15: 217897.93
A16: TOTAL | H16: =SUM(H6:H15) -> 3.6255409e+08 | K16: =SUM(K6:K15) -> 27439464 | L16: =SUM(L6:L15) -> 67758289

Sheet PRESUPUESTO OFICIAL  
A1: PRESUPUESTO OFICIAL
A2: N° | B2: ITEM DE PAGO | C2: DESCRIPCIÓN | D2: UNIDAD | E2: PRECIO UNITARIO | F2: PORCENTAJE DE CALIFICACIÓN DEL PRECIO | G2: CANTIDAD | H2: VALOR TOTAL
B3: 1.0.0 | C3: ARBORIZACION, COBERTURAS Y PAISAJISMO
B4: 1.1.0 | C4: TRASPLANTES
A5: 1 | B5: 1.1.1 | C5: TRASPLANTE de ÁRBOLES bajo cualquier condición, Con un peso menor o igual a 1 tonelada con transporte fuera del radio de accion de la grua; Incluye piloneo, alzada, traslado y reubicación. Se realizará en aquellos árboles que dada su ubicación interfieren con el proyecto, y que este aprobado por la respectiva autoridad ambiental. | D5: un | E5: ='ESTUDIO DE MERCADO '!M7 -> 3892083.3 | F5: 0.05 | G5: =H5/E5 -> 3.4816567 | H5: =($H$21*F5) -> 13550898
B6: 1.2.0 | C6: PODAS
A7: 2 | B7: 1.2.1 | C7: PODAS, cargue y retiro de ÁRBOLES ADULTOS bajo cualquier condición. Incluye trozado, chipiado, transporte y disposición del material resultante al sitio que indiquen las autoridades competentes y la interventoría. La poda se realizará con motosierra. Se realizará en aquellos árboles que dada su condiciones fitosanitarias requieren de una poda de aclareo o realce. | D7: un | E7: ='ESTUDIO DE MERCADO '!M9 -> 476364.33 | F7: 0.03 | G7: =H7/E7 -> 17.0679 | H7: =($H$21*F7) -> 8130538.9
A8: 3 | B8: 1.2.2 | C8: PODAS, cargue y retiro de ÁRBOLES JUVENILES bajo cualquier condición, CON ALTURA ENTRE 2.0 y 6.0 m. Incluye trozado, chipiado, transporte y disposición del material resultante al sitio que indiquen las autoridades competentes y la interventoría. La poda se realizará con sierra manual para ramas con diámetros menores a 5 cm. Se realizará en aquellos árboles que dada su condiciones fitosanitarias requieren de una poda de aclareo o realce. | D8: un | E8: ='ESTUDIO DE MERCADO '!M10 -> 54458 | F8: 0.07 | G8: =H8/E8 -> 348.36493 | H8: =($H$21*F8) -> 18971257
B9: 1.3.0 | C9: TALAS Y DESENRAICE DE ARBOLES
A10: 4 | B10: 1.3.1 | C10: TALA, cargue y retiro de ÁRBOLES bajo condición NORMAL. Incluye trozado, chipiado, transporte y disposición del material resultante al sitio que indiquen las autoridades competentes y la interventoría. Se realizará en aquellos árboles que dada su ubicación interfieren con el proyecto o que ofrezcan algún riesgo para la comunidad y que no justifique su trasplante. Según definición del Plan de Manejo Arbóreo y de FONVALMED. | D10: un | E10: ='ESTUDIO DE MERCADO '!M12 -> 1696448.7 | F10: 0.05 | G10: =H10/E10 -> 7.9878032 | H10: =($H$21*F10) -> 13550898
B11: 1.4.0 | C11: SILVICULTURA
A12: 5 | B12: 1.4.1 | C12: Suministro, transporte y siembra de ÁRBOLES de altura entre 1,5 m y 2 m, con hoyos de 60 cm de diámetro por 70 cm de profundidad. Incluye insumos como fertilizante, hidroretendor, tutores, disposición adecuada de escombros, mano de obra, excavación, tierra abonada, herramientas, transporte y todo lo necesario para su correcta siembra. Se deberá suministrar riego 2 veces por semana durante el primer mes, en radio de 1 m y infiltración de 50 cm. Garantia de prendimiento. En caso de mortalidad, se debe reponer el árbol sin que ello sea un costo adicional para el Municipio de Medellín. | D12: un | E12: ='ESTUDIO DE MERCADO '!M14 -> 179132 | F12: 0.2 | G12: =H12/E12 -> 302.59023 | H12: =($H$21*F12) -> 54203592
A13: 6 | B13: 1.4.2 | C13: Mantenimiento de árboles y palmas juveniles, incluye insumos, mano de obra, plateo, herramientas, fertilización, poda manual, aplicación de chipiado, disposición adecuada de residuos vegetales, riego con infiltración de 50 cm de profundidad y transporte. | D13: un | E13: ='ESTUDIO DE MERCADO '!M15 -> 19391 | F13: 0.2 | G13: =H13/E13 -> 2795.2964 | H13: =($H$21*F13) -> 54203592
A14: 7 | B14: 1.4.3 | C14: Control fitosanitario: Control de plagas y enfermedades; son todas las labores encaminadas a la eliminación de insectos, hongos, parásitos, entre otros, mediante la aplicación de productos fungicidas, herbicidas, plaguicidas, entre otros. Incluye todo lo necesario para la correcta realización de la actividad. La actividad incluye marcación del código ID correspondiente del árbol haciendo uso de pintura a base de aceite. | D14: un | E14: ='ESTUDIO DE MERCADO '!M16 -> 59868.667 | F14: 0.1 | G14: =H14/E14 -> 452.68749 | H14: =($H$21*F14) -> 27101796
A15: 8 | B15: 1.4.4 | C15: Sistema de Árbol Urbano SAU: con el fin de lograr realizar seguimiento a todas las intervenciones que se les realice a los árboles de la ciudad, se debe ingresar toda la información de las actividades realizadas a las siembras por compensación de las obras correspondientes al proyecto de valorización del poblado. | D15: un | E15: ='ESTUDIO DE MERCADO '!M17 -> 19254 | F15: 0.05 | G15: =H15/E15 -> 703.79652 | H15: =($H$21*F15) -> 13550898
A16: 9 | B16: 1.4.5 | C16: Otras actividades, se incluye: mantenimiento de pasos de fauna silvestre de acuerdo a los posibles requerimientos de la autoridad ambiental competente u otros requerimientos según apliquen al componente forestal y fauna. | D16: un | E16: ='ESTUDIO DE MERCADO '!N18 -> 13550898 | F16: 0.05 | G16: =H16/E16 -> 1 | H16: =($H$21*F16) -> 13550898
B17: 1.5.0 | C17: ACTIVIDADES COMPLEMENTARIAS
A18: 10 | B18: 1.5.1 | C18: Rocería mecánica y/o manual: Erradicación y limpieza en lotes, zonas verdes y alcorques, definidos previamente. Incluye erradicación de plantas herbáceas no deseadas e individuos producto de la regeneración natural con DAP<10cm. Incluye todo lo necesario para la correcta realización de la actividad, empleando para el efecto maquinaria y/o herramientas tales como guadañadora, machetes, rulas, etc. Esta actividad se deberá ejecutar siguiendo la normatividad ambiental vigente, dejando las zonas de retiro obligatorias para ríos y quebradas y protección en nacimientos de agua. Para dicha actividad se debe contar con los respectivos equipos de protección personal, protección para transeúntes, vehículos, viviendas entre otros, de acuerdo a las condiciones de cada espacio y a lo requerido. | D18: m2 | E18: ='ESTUDIO DE MERCADO '!M20 -> 1658 | F18: 0.1 | G18: =H18/E18 -> 16346.077 | H18: =($H$21*F18) -> 27101796
A19: 11 | B19: 1.5.2 | C19: Transporte de residuos: En los lugares donde no se puede dejar el material vegetal para su descomposición, se debe retirar luego de las actividades de mantenimiento y disponer adecuadamente. Incluye todo lo necesario para la correcta realización de la actividad. | D19: un | E19: ='ESTUDIO DE MERCADO '!M21 -> 384000 | F19: 0.05 | G19: =H19/E19 -> 35.288797 | H19: =($H$21*F19) -> 13550898
A20: 12 | B20: 1.5.3 | C20: Cerramiento perimetral: con el fin de delimitar el espacio y preservarlo en las condiciones necesarias para la ejecución de las obras de infraestructura física, se requiere el cierre perimetral de los lotes adquiridos o cedidos por el municipio a través de un cerramiento con postes en polipropileno o de madera inmunizada | D20: ml | E20: ='ESTUDIO DE MERCADO '!M22 -> 47858 | F20: 0.05 | G20: =H20/E20 -> 283.14802 | H20: =($H$21*F20) -> 13550898
A21: TOTAL DE LA VALORACIÓN | F21: =SUM(F5:F20) -> 1 | G21: =SUM(G5:G20) -> 21296.787 | H21: 271017962 | I21: =SUM(H5+H7+H8+H10+H12+H13+H14+H15+H16+H18+H19+H20) -> 271017962

Sheet ESTUDIO DE MERCADO 
A1: ESTIMACION DEL PRESUPUESTO
G2: COTIZACIONES EMPRESAS ESPECIALIZADAS EN EL OBJETO | M2: PROMEDIO PRECIOS UNITARIOS INCLUIDO AIU | N2: PROMEDIO VALOR TOTA INCLUIDO AIU
A3: N° | B3: ITEM DE PAGO | C3: DESCRIPCIÓN | D3: PARTICIPACION DE LA ACTIVIDAD DENTRO DEL PRESUPUESTO | E3: UNIDAD | F3: CANTIDADES ESTIMADAS | G3: JARDIN BOTÁNICO | I3: PRECOODES | K3: SAVIA
G4: PRECIO UNITARIO INCLUDO AIU | H4: VALOR TOTALINCLUDO AIU | I4: PRECIO UNITARIO INCLUDO AIU | J4: VALOR TOTALINCLUDO AIU | K4: PRECIO UNITARIO INCLUDO AIU | L4: VALOR TOTAL INCLUDO AIU
B5: 1.0.0 | C5: ARBORIZACION, COBERTURAS Y PAISAJISMO
B6: 1.1.0 | C6: TRASPLANTES
A7: 1 | B7: 1.1.1 | C7: TRASPLANTE de ÁRBOLES bajo cualquier condición, Con un peso menor o igual a 1 tonelada con transporte fuera del radio de accion de la grua; Incluye piloneo, alzada, traslado y reubicación. Se realizará en aquellos árboles que dada su ubicación interfieren con el proyecto, y que este aprobado por la respectiva autoridad ambiental. | D7: 0.05 | E7: un | F7: 3.4816567 | G7: 4146580 | H7: =F7*G7 -> 14436968 | I7: 2337000 | J7: =F7*I7 -> 8136631.8 | K7: 5192670 | L7: =F7*K7 -> 18079094 | M7: =AVERAGE(G7,I7,K7) -> 3892083.3 | N7: =M7*F7 -> 13550898
B8: 1.2.0 | C8: PODAS
A9: 2 | B9: 1.2.1 | C9: PODAS, cargue y retiro de ÁRBOLES ADULTOS bajo cualquier condición. Incluye trozado, chipiado, transporte y disposición del material resultante al sitio que indiquen las autoridades competentes y la interventoría. La poda se realizará con motosierra. Se realizará en aquellos árboles que dada su condiciones fitosanitarias requieren de una poda de aclareo o realce. | D9: 0.03 | E9: un | F9: 17.0679 | G9: 966581 | H9: =F9*G9 -> 16497508 | I9: 399000 | J9: =F9*I9 -> 6810092.1 | K9: 63512 | L9: =F9*K9 -> 1084016.5 | M9: =AVERAGE(G9,I9,K9) -> 476364.33 | N9: =M9*F9 -> 8130538.9
A10: 3 | B10: 1.2.2 | C10: PODAS, cargue y retiro de ÁRBOLES JUVENILES bajo cualquier condición, CON ALTURA ENTRE 2.0 y 6.0 m. Incluye trozado, chipiado, transporte y disposición del material resultante al sitio que indiquen las autoridades competentes y la interventoría. La poda se realizará con sierra manual para ramas con diámetros menores a 5 cm. Se realizará en aquellos árboles que dada su condiciones fitosanitarias requieren de una poda de aclareo o realce. | D10: 0.07 | E10: un | F10: 348.36493 | G10: 54458 | H10: =F10*G10 -> 18971257 | I10: N/A | J10: N/A | K10: N/A | L10: N/A | M10: =AVERAGE(G10,I10,K10) -> 54458 | N10: =M10*F10 -> 18971257
B11: 1.3.0 | C11: TALAS Y DESENRAICE DE ARBOLES
A12: 4 | B12: 1.3.1 | C12: TALA, cargue y retiro de ÁRBOLES bajo condición NORMAL. Incluye trozado, chipiado, transporte y disposición del material resultante al sitio que indiquen las autoridades competentes y la interventoría. Se realizará en aquellos árboles que dada su ubicación interfieren con el proyecto o que ofrezcan algún riesgo para la comunidad y que no justifique su trasplante. Según definición del Plan de Manejo Arbóreo y de FONVALMED. | D12: 0.05 | E12: un | F12: 7.9878032 | G12: 2470151 | H12: =F12*G12 -> 19731080 | I12: 715000 | J12: =F12*I12 -> 5711279.3 | K12: 1904195 | L12: =F12*K12 -> 15210335 | M12: =AVERAGE(G12,I12,K12) -> 1696448.7 | N12: =M12*F12 -> 13550898
B13: 1.4.0 | C13: SILVICULTURA
A14: 5 | B14: 1.4.1 | C14: Suministro, transporte y siembra de ÁRBOLES de altura entre 1,5 m y 2 m, con hoyos de 60 cm de diámetro por 70 cm de profundidad. Incluye insumos como fertilizante, hidroretendor, tutores, disposición adecuada de escombros, mano de obra, excavación, tierra abonada, herramientas, transporte y todo lo necesario para su correcta siembra. Se deberá suministrar riego 2 veces por semana durante el primer mes, en radio de 1 m y infiltración de 50 cm. Garantia de prendimiento. En caso de mortalidad, se debe reponer el árbol sin que ello sea un costo adicional para el Municipio de Medellín. | D14: 0.2 | E14: un | F14: 302.59023 | G14: 209979 | H14: =F14*G14 -> 63537593 | I14: 166000 | J14: =F14*I14 -> 50229978 | K14: 161417 | L14: =F14*K14 -> 48843207 | M14: =AVERAGE(G14,I14,K14) -> 179132 | N14: =M14*F14 -> 54203592
A15: 6 | B15: 1.4.2 | C15: Mantenimiento de árboles y palmas juveniles, incluye insumos, mano de obra, plateo, herramientas, fertilización, poda manual, aplicación de chipiado, disposición adecuada de residuos vegetales, riego con infiltración de 50 cm de profundidad y transporte. | D15: 0.2 | E15: un | F15: 2795.2964 | G15: 27440 | H15: =F15*G15 -> 76702933 | I15: 29000 | J15: =F15*I15 -> 81063595 | K15: 1733 | L15: =F15*K15 -> 4844248.7 | M15: =AVERAGE(G15,I15,K15) -> 19391 | N15: =M15*F15 -> 54203592
A16: 7 | B16: 1.4.3 | C16: Control fitosanitario: Control de plagas y enfermedades; son todas las labores encaminadas a la eliminación de insectos, hongos, parásitos, entre otros, mediante la aplicación de productos fungicidas, herbicidas, plaguicidas, entre otros. Incluye todo lo necesario para la correcta realización de la actividad. La actividad incluye marcación del código ID correspondiente del árbol haciendo uso de pintura a base de aceite. | D16: 0.1 | E16: un | F16: 452.68749 | G16: 27214 | H16: =F16*G16 -> 12319437 | I16: 151000 | J16: =F16*I16 -> 68355810 | K16: 1392 | L16: =F16*K16 -> 630140.98 | M16: =AVERAGE(G16,I16,K16) -> 59868.667 | N16: =M16*F16 -> 27101796
A17: 8 | B17: 1.4.4 | C17: Sistema de Árbol Urbano SAU: con el fin de lograr realizar seguimiento a todas las intervenciones que se les realice a los árboles de la ciudad, se debe ingresar toda la información de las actividades realizadas a las siembras por compensación de las obras correspondientes al proyecto de valorización del poblado. | D17: 0.05 | E17: un | F17: 703.79652 | G17: 27337 | H17: =F17*G17 -> 19239685 | I17: 26000 | J17: =F17*I17 -> 18298709 | K17: 4425 | L17: =F17*K17 -> 3114299.6 | M17: =AVERAGE(G17,I17,K17) -> 19254 | N17: =M17*F17 -> 13550898
A18: 9 | B18: 1.4.5 | C18: Otras actividades, se incluye: mantenimiento de pasos de fauna silvestre de acuerdo a los posibles requerimientos de la autoridad ambiental competente u otros requerimientos según apliquen al componente forestal y fauna. | D18: 0.05 | E18: un | F18: 1.4076418 | G18: 23800000 | H18: =F18*G18 -> 33501874 | I18: 80000 | J18: =F18*I18 -> 112611.34 | K18: 5000000 | L18: =F18*K18 -> 7038208.8 | M18: =AVERAGE(G18,I18,K18) -> 9626666.7 | N18: =M18*F18 -> 13550898
B19: 1.5.0 | C19: ACTIVIDADES COMPLEMENTARIAS
A20: 10 | B20: 1.5.1 | C20: Rocería mecánica y/o manual: Erradicación y limpieza en lotes, zonas verdes y alcorques, definidos previamente. Incluye erradicación de plantas herbáceas no deseadas e individuos producto de la regeneración natural con DAP<10cm. Incluye todo lo necesario para la correcta realización de la actividad, empleando para el efecto maquinaria y/o herramientas tales como guadañadora, machetes, rulas, etc. Esta actividad se deberá ejecutar siguiendo la normatividad ambiental vigente, dejando las zonas de retiro obligatorias para ríos y quebradas y protección en nacimientos de agua. Para dicha actividad se debe contar con los respectivos equipos de protección personal, protección para transeúntes, vehículos, viviendas entre otros, de acuerdo a las condiciones de cada espacio y a lo requerido. | D20: 0.1 | E20: m2 | F20: 16346.077 | G20: 4286 | H20: =F20*G20 -> 70059287 | I20: 200 | J20: =F20*I20 -> 3269215.5 | K20: 488 | L20: =F20*K20 -> 7976885.7 | M20: =AVERAGE(G20,I20,K20) -> 1658 | N20: =M20*F20 -> 27101796
A21: 11 | B21: 1.5.2 | C21: Transporte de residuos: En los lugares donde no se puede dejar el material vegetal para su descomposición, se debe retirar luego de las actividades de mantenimiento y disponer adecuadamente. Incluye todo lo necesario para la correcta realización de la actividad. | D21: 0.05 | E21: un | F21: 35.288797 | G21: N/A | H21: N/A | I21: 388000 | J21: =F21*I21 -> 13692053 | K21: 380000 | L21: =F21*K21 -> 13409743 | M21: =AVERAGE( I21,K21) -> 384000 | N21: =M21*F21 -> 13550898
A22: 12 | B22: 1.5.3 | C22: Cerramiento perimetral: con el fin de delimitar el espacio y preservarlo en las condiciones necesarias para la ejecución de las obras de infraestructura física, se requiere el cierre perimetral de los lotes adquiridos o cedidos por el municipio a través de un cerramiento con postes en polipropileno o de madera inmunizada | D22: 0.05 | E22: ml | F22: 283.14802 | G22: 32920 | H22: =F22*G22 -> 9321232.9 | I22: 77000 | J22: =F22*I22 -> 21802398 | K22: 33654 | L22: =F22*K22 -> 9529063.6 | M22: =AVERAGE(G22,I22,K22) -> 47858 | N22: =M22*F22 -> 13550898
A23: TOTAL INCLUDO AIU | H23: =SUM(H7:H22) -> 3.5431886e+08 | J23: =SUM(J7:J22) -> 2.7748237e+08 | L23: =SUM(L7:L22) -> 1.2975924e+08 | N23: =SUM(N7:N22) -> 2.7101796e+08
